 Dungeon Crawl Stone Soup version 0.26.1-2-gb8aa6d0cf2 (webtiles) character file.

Game seed: 11453321454404903999

56 Mattiprrivan the Bolt Thrower (level 4, 0/40 HPs)
             Began as a Kobold Hunter on Feb 19, 2021.
             Was an Initiate of Nemelex Xobeh.
             Succumbed to an orc's poison
             ... on level 3 of the Dungeon.
             The game lasted 00:17:05 (2610 turns).

Mattiprrivan the Bolt Thrower (Kobold Hunter)       Turns: 2610, Time: 00:17:05

Health: 0/40       AC:  3    Str: 10    XL:     4   Next: 17%
Magic:  4/4        EV: 15    Int: 12    God:    Nemelex Xobeh [......]
Gold:   172        SH:  0    Dex: 15    Spells: 3/3 levels left

rFire    . . .     SeeInvis .   g - +1 short sword (speed)
rCold    . . .     Faith    .   (shield restricted)
rNeg     . . .     Spirit   .   c - +0 leather armour
rPois    .         Reflect  .   (no helmet)
rElec    .         Harm     .   l - scarf {repulsion}
rCorr    .         Rampage  .   (no gloves)
Will     .....                  (no boots)
Stlth    ..........             f - amulet of the acrobat
HPRegen  0.13/turn              (no ring)
MPRegen  0.09/turn              (no ring)

@: berserking (expiring), lethally poisoned (0 -> -52), repel missiles, very
quick
A: small, nightstalker 3
a: Renounce Religion, Draw Escape, Draw Destruction, Draw Summoning


You were on level 3 of the Dungeon.
You worshipped Nemelex Xobeh.
Nemelex Xobeh was noncommittal.
You visited 1 branch of the dungeon, and saw 4 of its levels.

You collected 172 gold pieces.

Inventory:

Hand Weapons
 a - a +2 hand crossbow
 g - a +1 short sword of speed (weapon)
 n - a +0 dagger of venom
Missiles
 d - 23 bolts
 i - 3 atropa-tipped darts
Armour
 c - a +0 leather armour (worn)
 l - a scarf of repulsion (worn)
Jewellery
 f - an amulet of the acrobat (around neck)
Wands
 j - a wand of random effects (15)
 k - a wand of paralysis (9)
Scrolls
 b - 4 scrolls of remove curse
 e - 2 scrolls of identify
Potions
 h - 2 potions of heal wounds


   Skills:
 * Level 2.5 Fighting
 * Level 0.8 Short Blades
 * Level 5.9 Crossbows
 * Level 0.3 Armour
 * Level 2.6 Dodging
 * Level 2.1 Stealth
 * Level 0.1 Invocations


You had 3 spell levels left.
You didn't know any spells.
Your spell library was empty.

Dungeon Overview and Level Annotations

Branches:
Dungeon (4/15)
 Temple: D:4-7

Altars:
Nemelex Xobeh


Innate Abilities, Weirdness & Mutations

You are small and have problems with some larger weapons.
You are completely attuned to the shadows.


Message History

You are more poisoned.
* * * LOW HITPOINT WARNING * * *
You feel very sick.
You miss something.
* * * LOW HITPOINT WARNING * * *
You feel sick. Something barely misses you.
You closely miss something.
* * * LOW HITPOINT WARNING * * *
You feel sick.
You closely miss something.
* * * LOW HITPOINT WARNING * * *
You feel sick. Something hits you.
* * * LOW HITPOINT WARNING * * *
You are more poisoned.
You hit something.
* * * LOW HITPOINT WARNING * * *
You feel very sick.
You barely miss something.
You die...
Your body disappears without a glow.

#...#####...# #####
##..# # #..#######
## #........#
.###### ##.#####.#
......#####.# #.#
.####.......# #.#
....#.###########.#
.##.#.....>.....@.#
..#.#..#########{>#
_......# ##..#
..#.###########...#
.##.##.......##.#.#
....########.##.#.#
.#####.....#.##.#.#
.# #####.#.##.#.#
.# #####.#.##.#.#


There were no monsters in sight!

Vanquished Creatures
  A worm (D:3)
  A dart slug (D:1)
  3 leopard geckos
  4 giant cockroaches
  7 goblins
  5 hobgoblins
  3 jackals (D:4)
  2 quokkas
  5 bats
  4 frilled lizards
  4 kobolds
  6 rats
45 creatures vanquished.

Vanquished Creatures (others)
  3 plants (D:1)
  5 toadstools (D:1)
8 creatures vanquished.

Grand Total: 53 creatures vanquished

Notes
Turn   | Place    | Note
-------+----------+-------------------------------------------
     0 | D:1      | Mattiprrivan the Kobold Hunter began the quest for the Orb.
     0 | D:1      | Reached XP level 1. HP: 12/12 MP: 1/1
    31 | D:1      | Reached skill level 5 in Crossbows
    76 | D:1      | Reached XP level 2. HP: 17/17 MP: 2/2
   577 | D:1      | Reached XP level 3. HP: 21/21 MP: 3/3
  2237 | D:3      | Found a sparkling altar of Nemelex Xobeh.
  2242 | D:3      | Became a worshipper of Nemelex Xobeh the Trickster
  2266 | D:3      | Reached XP level 4. HP: 27/27 MP: 4/4
  2600 | D:3      | HP: 1/27 [something (12)]
  2609 | D:3      | HP: 2/40 [poisoned by an orc]
  2610 | D:3      | Succumbed to an orc's poison

Illustrated notes

Levels and vault maps discovered:
D:1:      ldierk_walled_garden, layout_loops_ring, minmay_liquid_box,
          hangedman_abyss_or_decor_stabs, minmay_misc_feat_plants
D:2:      layout_loops_corners, minmay_pentomino_t4
D:3:      layout_loops_ring, nicolae_overflow_hidden_temple,
          nicolae_overflow_crystal_walls
D:4:      layout_cave_pools

Skill      XL: |  1  2  3 |
---------------+----------+-----
Crossbows      | 5 |  5.9
Stealth        | 2 |  2.1
Fighting       | |  2.5
Short Blades   | |  0.8
Armour         | |  0.3
Dodging        | |  2.6
Invocations    | |  0.1

Action                   |  1- 3 |  4- 6 || total
-------------------------+-------+-------++-------
Melee: Short sword       |       |     6 ||     6
       Hand crossbow     |       |     1 ||     1
 Fire: Hand crossbow     |    60 |    21 ||    81
Evoke: Wand              |     2 |     1 ||     3
  Use: Scroll            |    10 |       ||    10
       Potion            |     2 |     2 ||     4
Armor: Leather armour    |     1 |     4 ||     5
Dodge: Dodged            |     5 |    18 ||    23
